 Dungeon Crawl Stone Soup version 0.31.0-11-ge490571c62 (webtiles) character file.

Game seed: 11532635278568795095

60 hikkokomori the Chopper (level 3, -4/31 HPs)
             Began as a Minotaur Berserker on Feb 5, 2024.
             Was a Believer of Trog.
             Slain by a gnoll
             ... wielding a +0 halberd
              (8 damage)
             ... on level 2 of the Dungeon.
             The game lasted 00:01:59 (790 turns).

hikkokomori the Chopper (Minotaur Berserker)         Turns: 790, Time: 00:02:00

Health: -4/31      AC:  5    Str: 21    XL:     3   Next: 80%
Magic:  2/2        EV: 11    Int:  4    God:    Trog [**....]
Gold:   48         SH:  0    Dex: 11    Spells: 2/2 levels left

rFire   . . .        a - +0 hand axe
rCold   . . .        (no shield)
rNeg    . . .        g - +0 ring mail
rPois   .            (helmet restricted)
rElec   .            (no cloak)
rCorr   .            (no gloves)
SInv    .            (no boots)
Will    .....        (no amulet)
Stlth   +            (no ring)
HPRegen 0.25/turn    (no ring)
MPRegen 0.08/turn

%: no passive effects
@: on berserk cooldown, slowed, very slow
A: horns 2, retaliatory headbutt
a: Renounce Religion, Berserk, Trog's Hand


You were on level 2 of the Dungeon.
You worshipped Trog.
Trog was pleased with you.
You visited 1 branch of the dungeon, and saw 2 of its levels.

You collected 48 gold pieces.

Inventory:

Hand Weapons
 a - a +0 hand axe (weapon)
Missiles
 d - 8 stones (quivered)
Armour
 b - a +0 animal skin
 g - a +0 ring mail (worn)
Scrolls
 c - 2 scrolls of immolation
 e - a scroll of identify {unknown}
 h - a scroll of silence {unknown}
Potions
 f - a potion of ambrosia {unknown}


   Skills:
 - Level 3.6 Fighting
 + Level 5.8 Axes
 - Level 2.4 Armour
 - Level 2.1 Dodging


You had 2 spell levels left.
You didn't know any spells.
Your spell library was empty.

Dungeon Overview and Level Annotations

Branches:
Dungeon (2/15)

Altars:


Innate Abilities, Weirdness & Mutations

You have a pair of horns on your head.
You reflexively headbutt those who attack you in melee.


Message History

The gnoll hits you from afar with a +0 spear!
A gnoll comes into view. It is wielding a +0 halberd.
A frilled lizard comes into view.
Unknown command.
A red film seems to cover your vision as you go berserk!
You feel yourself moving faster!
You feel mighty!
The frilled lizard hisses angrily.
The gnoll shouts!
You hear a loud squeak.
The gnoll hits you from afar with a +0 spear!
The gnoll misses you.
You hit the gnoll.
The gnoll is moderately wounded.
The gnoll closely misses you. The gnoll hits you with a +0 whip!
* * * LOW HITPOINT WARNING * * *
You barely miss the gnoll. Your headbutt misses the gnoll. You slash the gnoll!
You kill the gnoll!
Trog accepts your kill.
A quokka comes into view.
A rat comes into view.
The gnoll hits you but does no damage. The gnoll closely misses you.
You miss the frilled lizard. You hit the gnoll.
The gnoll hits you with a +0 spear.
* * * LOW HITPOINT WARNING * * *
The frilled lizard bites you but does no damage.
The gnoll barely misses you.
You miss the frilled lizard. You closely miss the gnoll.
Unknown command.
You barely miss the frilled lizard. You hit the gnoll.
The gnoll barely misses you. You furiously retaliate!
You headbutt the gnoll!
You kill the gnoll!
Trog accepts your kill. The gnoll misses you.
The frilled lizard closely misses you.
You barely miss the frilled lizard. You headbutt the frilled lizard.
You kill the frilled lizard!
Trog accepts your kill.
You are no longer berserk.
You are exhausted.
You feel yourself slow down.
The quokka bites you but does no damage.
A rat comes into view.
The gnoll hits you with a +0 halberd!
You die...

.......# . ......###
.. ........ ...
#.....# r...
####!....#
.....##........#
........##.†...#
....[rg@.......#
.....#r..))...####..
#...........†.....$.
.........>..).###...
#.####.......#.....
.. ###.........# .
...?......###
###.......#
#........#####


You could see a gnoll, a quokka and 2 rats.

Vanquished Creatures
  2 gnolls (D:2)
  2 bats (D:1)
  5 endoplasms (D:1)
  A giant cockroach (D:1)
  3 goblins
  4 hobgoblins
  2 quokkas (D:1)
  5 ball pythons
  4 frilled lizards
  5 kobolds
  5 rats
38 creatures vanquished.

Notes
Turn   | Place    | Note
-------+----------+-------------------------------------------
     0 | D:1      | hikkokomori the Minotaur Berserker began the quest for the
                  | Orb.
     0 | D:1      | Reached XP level 1. HP: 19/19 MP: 0/0
    34 | D:1      | Reached skill level 4 in Axes
    66 | D:1      | Found a faded altar of an unknown god.
   142 | D:1      | Reached XP level 2. HP: 26/26 MP: 1/1
   338 | D:1      | Reached ** piety under Trog
   342 | D:1      | Reached skill level 5 in Axes
   378 | D:1      | Reached XP level 3. HP: 19/31 MP: 2/2
   790 | D:2      | Slain by a gnoll

Illustrated notes

Levels and vault maps discovered:
D:1:      onia_arrival_handbag, layout_rooms, hellmonk_ecumenical_altar_blasted
D:2:      layout_rooms

Skill      XL: |  1  2 |
---------------+-------+-----
Axes           | 4 5 |  5.8
Fighting       | |  3.6
Armour         | |  2.4
Dodging        | |  2.1

Action                     || total
---------------------------++-------
  Melee: Hand axe          ||    73
         Headbutt          ||    13
 Invoke: Berserk           ||     1
 Armour: Animal skin       ||    25
         Ring mail         ||    18
  Dodge: Dodged            ||    39
